MAA
ELLENBURG FIGHTING DACHSHUNDS @ SAN BERNARDINO GRASSHOPPERS
08/26/2019
 
TOP OF THE 1ST
Ellenburg Fighting Dachshunds batting - Pitching for San Bernardino Grasshoppers : LHP Phil Frost
Pitching: LHP Phil Frost
Batting: RHB Jesús López 0-0: Swinging Strike
0-1: SOLO HOME RUN (Flyball, 7D), Distance : 394 ft
Batting: RHB Manuel Herrera 0-0: Ball
1-0: Ball
2-0: Called Strike
2-1: SINGLE (Groundball, 6MD)
Batting: LHB Ismael Cabrera 0-0: Called Strike
0-1: Ball
1-1: Ball
2-1: Foul Ball, location: 2F
2-2: Strikes out swinging
Batting: RHB Travis Lee 0-0: Called Strike
0-1: Called Strike
0-2: SINGLE (Line Drive, 9LS)
Manuel Herrera to second
Runner from 2nd tries for 3rd, SAFE, no throw or cutoff
Batting: RHB Pedro Pérez 0-0: Ball
1-0: Called Strike
1-1: Called Strike
1-2: Foul Ball, location: 2F
1-2: Foul Ball, location: 2F
1-2: Fly out, F9 (Flyball, 9LM)
Runner from 3rd tags up, SCORES, no throw
Batting: LHB Ramón Hernández 0-0: Foul Ball, location: 2F
0-1: Ball
1-1: Ball
2-1: Swinging Strike
2-2: Ground out 1-3 (Groundball, 25)
Top of the 1st over - 2 run(s), 3 hit(s), 0 error(s), 1 left on base; Ellenburg 2 - San Bernardino 0
BOTTOM OF THE 1ST
San Bernardino Grasshoppers batting - Pitching for Ellenburg Fighting Dachshunds : RHP John Shirley
Pitching: RHP John Shirley
Batting: LHB Jesús Reyes 0-0: Ball
1-0: Ball
2-0: Ball
3-0: Called Strike
3-1: Called Strike
3-2: Strikes out swinging
Batting: RHB Justin Roberts 0-0: Ball
1-0: Ball
2-0: Ball
3-0: Called Strike
3-1: Base on Balls
Batting: RHB Shawn Hicks 0-0: Grounds into double play, 6-4-3 (Groundball, 6)
Bottom of the 1st over - 0 run(s), 0 hit(s), 0 error(s), 0 left on base; Ellenburg 2 - San Bernardino 0
TOP OF THE 2ND
Ellenburg Fighting Dachshunds batting - Pitching for San Bernardino Grasshoppers : LHP Phil Frost
Batting: RHB Cole McKnight 0-0: Ball
1-0: Ball
2-0: Called Strike
2-1: Called Strike
2-2: Foul Ball, location: 2F
2-2: Foul Ball, location: 2F
2-2: Ball
3-2: Base on Balls
Batting: RHB Eddie Davis 0-0: Called Strike
0-1: Foul Ball, location: 2F
0-2: Strikes out looking
Batting: LHB Alan Hardy 0-0: Called Strike
0-1: Fly out, F7 (Flyball, 7M)
Batting: RHB Jesús López 0-0: Swinging Strike
0-1: Ball
1-1: Foul Ball, location: 2F
1-2: Strikes out swinging
Top of the 2nd over - 0 run(s), 0 hit(s), 0 error(s), 1 left on base; Ellenburg 2 - San Bernardino 0
BOTTOM OF THE 2ND
San Bernardino Grasshoppers batting - Pitching for Ellenburg Fighting Dachshunds : RHP John Shirley
Batting: RHB Reggie Kahn 0-0: Swinging Strike
0-1: DOUBLE (Flyball, 7LM)
Batting: SHB Joreăo Canosa 0-0: Fly out, F7 (Flyball, 78M)
Batting: RHB Alfonso Enríquez 0-0: Ball
1-0: Ball
2-0: Ball
3-0: Called Strike
3-1: Called Strike
3-2: Fly out, F5 (Line Drive, 5L)
Batting: RHB Iván Miranda 0-0: Ball
1-0: Foul Ball, location: 2F
1-1: Ball
2-1: Ball
3-1: Called Strike
3-2: Strikes out swinging
Bottom of the 2nd over - 0 run(s), 1 hit(s), 0 error(s), 1 left on base; Ellenburg 2 - San Bernardino 0
TOP OF THE 3RD
Ellenburg Fighting Dachshunds batting - Pitching for San Bernardino Grasshoppers : LHP Phil Frost
Batting: RHB Manuel Herrera 0-0: Ball
1-0: Foul Ball, location: 2F
1-1: Ball
2-1: Ball
3-1: Foul Ball, location: 2F
3-2: Strikes out swinging
Batting: LHB Ismael Cabrera 0-0: Called Strike
0-1: Called Strike
0-2: Ball
1-2: Ball
2-2: Strikes out swinging
Batting: RHB Travis Lee 0-0: Ball
1-0: Swinging Strike
1-1: Ball
2-1: Ball
3-1: Ground out 6-3 (Groundball, 6)
Top of the 3rd over - 0 run(s), 0 hit(s), 0 error(s), 0 left on base; Ellenburg 2 - San Bernardino 0
BOTTOM OF THE 3RD
San Bernardino Grasshoppers batting - Pitching for Ellenburg Fighting Dachshunds : RHP John Shirley
Batting: RHB Sergio Ortíz 0-0: DOUBLE (Flyball, 89M)
Batting: RHB Alfonso López 0-0: SINGLE (Line Drive, 4D)
Sergio Ortíz to third
Batting: LHB Jesús Reyes 0-0: SINGLE (Flyball, 8RS)
Sergio Ortíz scores
Alfonso López to second
Batting: RHB Justin Roberts 0-0: Ball
1-0: Ball
2-0: Called Strike
2-1: SINGLE (Line Drive, 9S)
Alfonso López to third
Jesús Reyes to second
Batting: RHB Shawn Hicks 0-0: Called Strike
0-1: Ball
1-1: Foul Ball, location: 2F
1-2: Ball
2-2: Grounds into double play, U4-3 (Groundball, 4)
Alfonso López scores
Jesús Reyes to third
Batting: RHB Reggie Kahn 0-0: Foul Ball, location: 2F
0-1: Foul Ball, location: 2F
0-2: Ball
1-2: SINGLE (Popup, 34D)
Jesús Reyes scores
Batting: SHB Joreăo Canosa 0-0: Ball
1-0: Foul Ball, location: 2F
1-1: Called Strike
1-2: Ground out U3 (Groundball, 3L)
Bottom of the 3rd over - 3 run(s), 5 hit(s), 0 error(s), 1 left on base; Ellenburg 2 - San Bernardino 3
TOP OF THE 4TH
Ellenburg Fighting Dachshunds batting - Pitching for San Bernardino Grasshoppers : LHP Phil Frost
Batting: RHB Pedro Pérez 0-0: Called Strike
0-1: Called Strike
0-2: Ball
1-2: Strikes out swinging
Batting: LHB Ramón Hernández 0-0: Foul Ball, location: 2F
0-1: SINGLE (Groundball, 4MD)
Batting: RHB Cole McKnight 0-0: Called Strike
0-1: Ball
1-1: Ball
2-1: Ball
3-1: Foul Ball, location: 2F
3-2: Foul Ball, location: 2F
3-2: Foul Ball, location: 2F
3-2: Foul Ball, location: 2F
3-2: SINGLE (Flyball, 3D)
Ramón Hernández to second
Runner from 2nd tries for 3rd, SAFE, throw made to third
Batting: RHB Eddie Davis 0-0: Ball
1-0: Foul Ball, location: 2F
1-1: Swinging Strike
1-2: Strikes out swinging
Batting: LHB Alan Hardy 0-0: Ball
1-0: Ball
2-0: Called Strike
2-1: Foul Ball, location: 2F
2-2: Fly out, F5 (Popup, 5F)
Top of the 4th over - 0 run(s), 2 hit(s), 0 error(s), 2 left on base; Ellenburg 2 - San Bernardino 3
BOTTOM OF THE 4TH
San Bernardino Grasshoppers batting - Pitching for Ellenburg Fighting Dachshunds : RHP John Shirley
Batting: RHB Alfonso Enríquez 0-0: Ball
1-0: Foul Ball, location: 2F
1-1: Ball
2-1: Ball
3-1: Foul Ball, location: 2F
3-2: Foul Ball, location: 2F
3-2: Foul Ball, location: 2F
3-2: Strikes out swinging
Batting: RHB Iván Miranda 0-0: Ground out 1-3 (Groundball, 13S)
Batting: RHB Sergio Ortíz 0-0: Ball
1-0: Called Strike
1-1: Fly out, F9 (Flyball, 9D)
Bottom of the 4th over - 0 run(s), 0 hit(s), 0 error(s), 0 left on base; Ellenburg 2 - San Bernardino 3
TOP OF THE 5TH
Ellenburg Fighting Dachshunds batting - Pitching for San Bernardino Grasshoppers : LHP Phil Frost
Batting: RHB Jesús López 0-0: Called Strike
0-1: Foul Ball, location: 2F
0-2: Foul Ball, location: 2F
0-2: Strikes out swinging
Batting: RHB Manuel Herrera 0-0: Called Strike
0-1: Foul Ball, location: 2F
0-2: Ball
1-2: Strikes out swinging
Batting: LHB Ismael Cabrera 0-0: Ball
1-0: Ball
2-0: Fly out, F6 (Popup, 5DF)
Top of the 5th over - 0 run(s), 0 hit(s), 0 error(s), 0 left on base; Ellenburg 2 - San Bernardino 3
BOTTOM OF THE 5TH
San Bernardino Grasshoppers batting - Pitching for Ellenburg Fighting Dachshunds : RHP John Shirley
Batting: RHB Alfonso López 0-0: Ball
1-0: Ball
2-0: Ball
3-0: Called Strike
3-1: Foul Ball, location: 2F
3-2: Foul Ball, location: 2F
3-2: Foul Ball, location: 2F
3-2: Ground out 6-3 (Groundball, 6)
Batting: LHB Jesús Reyes 0-0: SINGLE (Line Drive, 9S)
Batting: RHB Justin Roberts 0-0: Ball
1-0: Ball
2-0: Ball
3-0: Base on Balls
Jesús Reyes to second
Batting: RHB Shawn Hicks 0-0: Called Strike
0-1: Foul Ball, location: 2F
0-2: Ball
1-2: Foul Ball, location: 2F
1-2: Fly out, F8 (Flyball, 8LM)
Batting: RHB Reggie Kahn 0-0: Ball
1-0: DOUBLE (Line Drive, 78S)
Jesús Reyes scores
Justin Roberts to third
Batting: SHB Joreăo Canosa 0-0: Called Strike
0-1: Swinging Strike
0-2: SINGLE (Groundball, 3D)
Justin Roberts scores
Reggie Kahn to third
Runner from 3rd tries for Home, SAFE, no throw or cutoff
Pitching: RHP Dermott Audley
Batting: RHB Alfonso Enríquez 0-0: Ball
1-0: Ground out 5-3 (Groundball, 5L)
Bottom of the 5th over - 3 run(s), 3 hit(s), 0 error(s), 1 left on base; Ellenburg 2 - San Bernardino 6
TOP OF THE 6TH
Ellenburg Fighting Dachshunds batting - Pitching for San Bernardino Grasshoppers : LHP Phil Frost
Batting: RHB Travis Lee 0-0: Fly out, F9 (Flyball, 9D)
Batting: RHB Pedro Pérez 0-0: Ball
1-0: Swinging Strike
1-1: SOLO HOME RUN (Flyball, 78XD), Distance : 430 ft
Batting: LHB Ramón Hernández 0-0: Ball
1-0: Called Strike
1-1: Swinging Strike
1-2: Foul Ball, location: 2F
1-2: Ball
2-2: Fly out, F2 (Popup, 2RF)
Batting: RHB Cole McKnight 0-0: Ball
1-0: Called Strike
1-1: Called Strike
1-2: Ball
2-2: Ground out 5-3 (Groundball, 56)
Top of the 6th over - 1 run(s), 1 hit(s), 0 error(s), 0 left on base; Ellenburg 3 - San Bernardino 6
BOTTOM OF THE 6TH
San Bernardino Grasshoppers batting - Pitching for Ellenburg Fighting Dachshunds : RHP Dermott Audley
Batting: RHB Iván Miranda 0-0: Ball
1-0: Ball
2-0: Fly out, F7 (Flyball, 7M)
Batting: RHB Sergio Ortíz 0-0: Called Strike
0-1: Ball
1-1: Ball
2-1: Ball
3-1: Base on Balls
Batting: RHB Alfonso López 0-0: Ball
1-0: Ball
2-0: Fielders Choice at 2nd, 1-4 (Groundball, 15S)
Batting: LHB Jesús Reyes 0-0: Swinging Strike
0-1: Ball
1-1: Called Strike
1-2: Foul Ball, location: 2F
1-2: Foul Ball, location: 2F
1-2: Foul Ball, location: 2F
1-2: Strikes out swinging
Bottom of the 6th over - 0 run(s), 0 hit(s), 0 error(s), 1 left on base; Ellenburg 3 - San Bernardino 6
TOP OF THE 7TH
Ellenburg Fighting Dachshunds batting - Pitching for San Bernardino Grasshoppers : LHP Phil Frost
Pitching: RHP Mario Pérez
Batting: RHB Eddie Davis 0-0: Foul Ball, location: 2F
0-1: Ball
1-1: SINGLE (Line Drive, 78S)
Batting: LHB Alan Hardy 0-0: Called Strike
0-1: Swinging Strike
0-2: Ball
1-2: TRIPLE (Line Drive, 9LM)
Eddie Davis scores
Batting: RHB Jesús López 0-0: Ball
1-0: Ball
2-0: Called Strike
2-1: Swinging Strike
2-2: Ball
3-2: Base on Balls
Pinch Hitting: LHB Joe McElroy 0-0: Swinging Strike
0-1: Ball
1-1: Ball
2-1: Ball
3-1: Ground out U3 (Groundball, 3S)
Alan Hardy scores
Jesús López to second
Pitching: LHP Geoffrey Francis
Batting: LHB Ismael Cabrera 0-0: Ball
1-0: Ball
2-0: Ball
3-0: Called Strike
3-1: SINGLE (Groundball, 3L)
Jesús López to third
Runner from 3rd tries for Home, SAFE, no throw or cutoff
Batting: RHB Travis Lee 0-0: Ball
Ismael Cabrera is caught stealing 2nd base
1-0: Swinging Strike
1-1: Ball
2-1: Swinging Strike
2-2: Strikes out swinging
Top of the 7th over - 3 run(s), 3 hit(s), 0 error(s), 0 left on base; Ellenburg 6 - San Bernardino 6
BOTTOM OF THE 7TH
San Bernardino Grasshoppers batting - Pitching for Ellenburg Fighting Dachshunds : RHP Dermott Audley
Now in LF: Joe McElroy
Batting: RHB Justin Roberts 0-0: Ball
1-0: Fly out, F7 (Flyball, 7M)
Batting: RHB Shawn Hicks 0-0: Ball
1-0: Ground out 5-3 (Groundball, 56)
Batting: RHB Reggie Kahn 0-0: Called Strike
0-1: Foul Ball, location: 2F
0-2: Foul Ball, location: 2F
0-2: Ball
1-2: Hit by Pitch
Batting: SHB Joreăo Canosa 0-0: Called Strike
0-1: Ball
1-1: Foul Ball, location: 2F
1-2: Ball
2-2: Fly out, F2 (Popup, 23F)
Bottom of the 7th over - 0 run(s), 0 hit(s), 0 error(s), 1 left on base; Ellenburg 6 - San Bernardino 6
TOP OF THE 8TH
Ellenburg Fighting Dachshunds batting - Pitching for San Bernardino Grasshoppers : LHP Geoffrey Francis
Batting: RHB Pedro Pérez 0-0: Foul Ball, location: 2F
0-1: Swinging Strike
0-2: Ball
1-2: Strikes out swinging
Batting: LHB Ramón Hernández 0-0: Ball
1-0: SINGLE (Groundball, 6MD)
Batting: RHB Cole McKnight 0-0: Ball
1-0: Ball
2-0: Called Strike
2-1: Foul Ball, location: 2F
2-2: Fly out, F9 (Flyball, 89M)
Batting: RHB Eddie Davis 0-0: Called Strike
0-1: Ball
1-1: Swinging Strike
1-2: Strikes out swinging
Top of the 8th over - 0 run(s), 1 hit(s), 0 error(s), 1 left on base; Ellenburg 6 - San Bernardino 6
BOTTOM OF THE 8TH
San Bernardino Grasshoppers batting - Pitching for Ellenburg Fighting Dachshunds : RHP Dermott Audley
Pitching: RHP Ken Snyder
Pinch Hitting: LHB Davis Mills 0-0: Ball
1-0: Ball
2-0: Ball
3-0: Called Strike
3-1: Foul Ball, location: 2F
3-2: SINGLE (Groundball, 34D)
Pinch Hitting: RHB Jack O'Brien 0-0: Called Strike
0-1: Ball
1-1: Ball
2-1: Foul Ball, location: 2F
2-2: Hit by Pitch
Davis Mills to second
Pinch Hitting: RHB Mike Alford 0-0: TRIPLE (Line Drive, 89M)
Davis Mills scores
Jack O'Brien scores
Pitching: RHP Abel Blok
Batting: RHB Alfonso López 0-0: Ball
1-0: Swinging Strike
1-1: Foul Ball, location: 2F
1-2: Ball
2-2: Ball
3-2: Base on Balls
Pinch Hitting: RHB Mike Gamble 0-0: Fly out, F9 (Flyball, 9M)
Batting: RHB Justin Roberts 0-0: Foul Ball, location: 2F
0-1: Swinging Strike
0-2: Strikes out swinging
Batting: RHB Shawn Hicks 0-0: Called Strike
0-1: Ball
1-1: Swinging Strike
1-2: Hit by Pitch
Alfonso López to second
Batting: RHB Reggie Kahn 0-0: Fly out, F7 (Flyball, 7LD)
Bottom of the 8th over - 2 run(s), 2 hit(s), 0 error(s), 3 left on base; Ellenburg 6 - San Bernardino 8
TOP OF THE 9TH
Ellenburg Fighting Dachshunds batting - Pitching for San Bernardino Grasshoppers : LHP Geoffrey Francis
Pitching: RHP Alonso Cruz
Now at C: Ron Clark
Now at 1B: Jack O'Brien
Now at 2B: Jackson Shewman
Now in LF: Mike Gamble
Now in RF: Davis Mills
Batting: LHB Alan Hardy 0-0: DOUBLE (Line Drive, 34D)
Batting: RHB Jesús López 0-0: Called Strike
0-1: Ball
Wild Pitch!
Alan Hardy to third
1-1: Fly out, F6 (Popup, 6M)
Batting: LHB Joe McElroy 0-0: Ball
1-0: Called Strike
1-1: Ball
2-1: Ball
3-1: Base on Balls
Batting: LHB Ismael Cabrera 0-0: Foul Ball, location: 2F
0-1: Ball
1-1: Swinging Strike
1-2: Strikes out swinging
Batting: RHB Travis Lee 0-0: Ball
1-0: Fly out, F9 (Line Drive, 9M)
Top of the 9th over - 0 run(s), 1 hit(s), 0 error(s), 2 left on base; Ellenburg 6 - San Bernardino 8
This league is powered by Out of the Park Baseball, the baseball management simulation game for PC, Mac and Linux
Saturday, July 25th, 2015 - OOTP Baseball 15.6 Build 34